 Dungeon Crawl Stone Soup version 0.28-a0-1356-g2ad6d04315 (webtiles) character file.

Game seed: 10089990766433277688

389 funkygono the Firebug (level 6, -2/45 HPs)
             Began as a Draconian Fire Elementalist on Dec 30, 2021.
             Killed from afar by Dowan (4 damage)
             ... with a puff of frost
             ... on level 5 of the Dungeon.
             The game lasted 00:08:54 (5005 turns).

funkygono the Firebug (Draconian Fire Elementalist) Turns: 5005, Time: 00:08:54

Health: -2/45      AC:  8    Str: 14    XL:     6   Next: 50%
Magic:  1/11       EV: 12    Int: 29    God:
Gold:   106        SH:  0    Dex:  9    Spells: 6/12 levels left

rFire   . . .      SeeInvis .   k - +2 dagger (speed)
rCold   . . .      Faith    .   (no shield)
rNeg    . . .      Spirit   .   (armour unavailable)
rPois   +          Reflect  .   (helmet restricted)
rElec   .          Harm     .   (no cloak)
rCorr   .          Rampage  .   (no gloves)
Will    +....                   e - +1 pair of boots "Widueg" {+Blink Int+8 Dex-3 Stlth-}
Stlth   +.........              (no amulet)
HPRegen 0.15/turn               o - ring "Biukhlu" {rPois Will+ Str+4 Int+4}
MPRegen 0.12/turn               (no ring)

@: no status effects
A: AC +6, unfitting armour, cold-blooded
a: Evoke Blink


You were on level 5 of the Dungeon.
You visited 1 branch of the dungeon, and saw 5 of its levels.

You collected 106 gold pieces.

Inventory:

Hand Weapons
 b - a +0 whip
 k - a +2 dagger of speed (weapon)
Missiles
 c - 234 stones
Armour
 e - the +1 pair of boots "Widueg" (worn) {+Blink Int+8 Dex-3 Stlth-}
   (You acquired it on level 3 of the Dungeon)

   Int:       It affects your intelligence (+8).
   Dex:       It affects your dexterity (-3).
   +Blink:    It lets you blink.
   Stlth:     It makes you less stealthy.
Jewellery
 o - the ring "Biukhlu" (left hand) {rPois Will+ Str+4 Int+4}
   (You acquired it on level 3 of the Dungeon)

   [ring of willpower]

   Str:       It affects your strength (+4).
   Int:       It affects your intelligence (+4).
   rPois:     It protects you from poison.
   Will:      It increases your willpower.
 p - a ring of positive energy
Wands
 m - a wand of iceblast (11)
Scrolls
 f - 2 scrolls of vulnerability
 i - 3 scrolls of teleportation
 q - a scroll of identify
Potions
 a - a potion of haste {unknown}
 d - 2 potions of heal wounds
 g - 2 potions of curing {unknown}
 h - a potion of cancellation {unknown}
 j - 3 potions of brilliance
 l - a potion of ambrosia {unknown}
 n - a potion of might {unknown}
 r - a potion of mutation {unknown}


   Skills:
 + Level 2.0 Dodging
 - Level 1.7 Stealth
 * Level 3.9 Spellcasting
 * Level 3.1 Conjurations
 * Level 5.3 Fire Magic


You had 6 spell levels left.
You knew the following spells:

 Your Spells              Type           Power      Damage    Failure   Level
a - Foxfire               Conj/Fire      100%       2x1d9     1%          1
b - Scorch                Fire           72%        2d8       1%          2
c - Conjure Flame         Conj/Fire      30%        6-21      3%          3

Your spell library contained the following spells:

 Spells                   Type           Power      Damage    Failure   Level
 Beastly Appendage        Tmut           10%        N/A       7%          1
 Sandblast                Erth           10%        2d5       7%          1
 Inner Flame              Hex/Fire       21%        N/A       7%          3
 Passwall                 Tmut/Erth      4%         N/A       11%         2
 Wereblood                Tmut           5%         N/A       11%         2
 Stone Arrow              Conj/Erth      28%        3d8       11%         3
 Flame Wave               Conj/Fire      30%        2d7       12%         4
 Spider Form              Tmut/Pois      5%         N/A       22%         3


Dungeon Overview and Level Annotations

Branches:
Dungeon (5/15)
 Temple: D:4-7

Altars:
Zin

Annotations:
D:5 Dowan, Duvessa, Menkaure


Innate Abilities, Weirdness & Mutations

Your plain brown scales are hard. (AC +6)
You cannot fit into any form of body armour.
You are cold-blooded and may be slowed by cold attacks.


Message History

Duvessa is heavily wounded.
The foxfire hits Duvessa but does no damage.
Duvessa is heavily wounded.
Duvessa drinks a potion.
Duvessa is healed!
Okay, then.
Unknown command.
Duvessa says, "Did you see that move?
Perfect!"
Duvessa closely misses you.
Casting: Scorch (safe; 1% risk of failure)
Confirm with . or Enter, or press ? or * to list all spells.
Flames lash Duvessa.
Duvessa is burned terribly!
Duvessa is moderately wounded.
Duvessa hits you with a +0 short sword.
Unknown command.
Duvessa closely misses you.
Dowan gestures wildly while chanting.
Dowan blinks!
Duvessa is no longer more vulnerable to fire.
Dowan hits you but does no damage. Duvessa hits you with a +0 short sword.
Dowan hits you but does no damage. Dowan hits you with a +0 dagger.
Duvessa hits you but does no damage.
There is a stone staircase leading up here.
Casting: Scorch (safe; 1% risk of failure)
Confirm with . or Enter, or press ? or * to list all spells.
You conjure some foxfire!
Dowan completely misses you. Duvessa hits you with a +0 short sword.
Casting: Foxfire (safe; 1% risk of failure)
Confirm with . or Enter, or press ? or * to list all spells.
Flames lash Duvessa.
Duvessa is heavily wounded.
Duvessa's fire resistance burns away.
Duvessa hits you with a +0 short sword! Dowan casts a spell at you.
The puff of flame hits you!
* * * LOW HITPOINT WARNING * * *
Duvessa says, "When magic and the sword combine, nothing stands against them."
Duvessa hits you with a +0 short sword!
* * * LOW HITPOINT WARNING * * *
Dowan points at you and mumbles some strange words.
The puff of frost hits you.
You die...

...≈ ..## ≈≈≈≈ #...#
..# .... #.##..#
#..#.# #....# ##
#....####### ..
##...##e@v..#
...#.####......e#####
#........#.####
.....#####...# ....
#.#..# [.. #.#..# ..
#.#..# # ......
.......


You could see Duvessa (fast, combustible, ally target) and Dowan.

Vanquished Creatures
  An ice beast (D:5)
  A scorpion (D:4)
  A hound (D:5)
  An orc wizard (D:4)
  An iguana (D:4)
  Robin (D:4)
  6 adders
  5 worms
  A dart slug (D:1)
  4 orcs
  8 endoplasms
  6 giant cockroaches
  12 goblins
  6 hobgoblins
  2 jackals (D:2)
  5 quokkas
  4 ball pythons
  A bat (D:1)
  4 frilled lizards
  5 kobolds
  5 rats
80 creatures vanquished.

Vanquished Creatures (others)
  240 foxfires
240 creatures vanquished.

Grand Total: 320 creatures vanquished

Notes
Turn   | Place    | Note
-------+----------+-------------------------------------------
     0 | D:1      | funkygono the Draconian Fire Elementalist began the quest
                  | for the Orb.
     0 | D:1      | Reached XP level 1. HP: 14/14 MP: 3/3
   212 | D:1      | Reached XP level 2. HP: 20/20 MP: 0/5
   215 | D:1      | Learned a level 2 spell: Scorch
   753 | D:1      | Found a faded altar of an unknown god.
  1298 | D:2      | Reached XP level 3. HP: 26/26 MP: 6/6
  1303 | D:2      | Learned a level 3 spell: Conjure Flame
  1408 | D:2      | Reached skill level 4 in Fire Magic
  1762 | D:2      | Reached XP level 4. HP: 33/33 MP: 3/7
  3315 | D:3      | Identified 3 scrolls of acquirement
  3315 | D:3      | Acquired a book of Geomancy
  3317 | D:3      | Acquired the ring "Biukhlu" {rPois Will+ Str+4 Int+4}
  3320 | D:3      | Acquired the +1 pair of boots "Widueg" {+Blink Int+8 Dex-3
                  | Stlth-}
  3602 | D:4      | Found a glowing silver altar of Zin.
  3631 | D:4      | Reached XP level 5. HP: 19/38 MP: 0/9
  4301 | D:4      | Noticed Robin
  4304 | D:4      | Killed Robin
  4656 | D:4      | Reached skill level 5 in Fire Magic
  4691 | D:4      | Reached XP level 6. HP: 43/45 MP: 8/11
  4845 | D:5      | Entered Level 5 of the Dungeon
  4845 | D:5      | Noticed Menkaure
  4845 | D:5      | Noticed an ice beast
  4851 | D:5      | Killed an ice beast
  4985 | D:5      | Noticed Dowan
  4985 | D:5      | Noticed Duvessa
  5004 | D:5      | HP: 2/45 [Duvessa (8)]
  5005 | D:5      | Killed from afar by Dowan

Illustrated notes

Levels and vault maps discovered:
D:1:      dpeg_arrival_castle, layout_loops_ring,
          ebering_ecumenical_altar_ruins, dk_noncrumbling_2
D:2:      layout_basic
D:3:      layout_basic, nicolae_figureground_sparkle
D:4:      layout_loops_corners, mainiacjoe_overflow_surrounded_room, uniq_robin
D:5:      layout_rooms, chequers_serial_rivers_micro_d,
          kennysheep_generic_room_14, uniq_duvessa, uniq_menkaure,
          uniq_crazy_yiuf_cottage

Skill      XL: |  1  2  3  4  5  6 |
---------------+-------------------+-----
Fire Magic     | 4 5 |  5.3
Dodging        | 2 |  2.0
Conjurations   | 2 3 |  3.1
Spellcasting   | 3 |  3.9
Stealth        | |  1.7

Action                   |  1- 3 |  4- 6 || total
-------------------------+-------+-------++-------
Melee: Whip              |     6 |       ||     6
       Tailslap          |     1 |       ||     1
 Cast: Foxfire           |    62 |    84 ||   146
       Scorch            |     5 |    13 ||    18
  Use: Scroll            |       |     8 ||     8
 Stab: Sleeping          |     1 |       ||     1
Armor: Skin              |     7 |     8 ||    15
Dodge: Dodged            |    20 |    10 ||    30

Table legend: (Time is in decaauts)
 A = Elapsed time spent in this place.
 B = Non-inter-level travel time spent in this place.
 C = Inter-level travel time spent in this place.
 D = Time resting spent in this place.
 E = Time spent auto-exploring this place.
 F = Levels seen in this place.
 G = Mean time per level.
                   A        B        C        D        E       F      G
               +--------+--------+--------+--------+--------+-----+--------+
         Total |   5011 |   4942 |     69 |    174 |   4022 |   5 | 1002.2 |
       Dungeon |   5011 |   4942 |     69 |    174 |   4022 |   5 | 1002.2 |
               +--------+--------+--------+--------+--------+-----+--------+

Top non-repeatable levels by time:
     D:4: 1576 daAuts
     D:1: 1251 daAuts
     D:2: 1178 daAuts
     D:3: 964 daAuts
     D:5: 40 daAuts
